 Dungeon Crawl Stone Soup version 0.20-a0-641-g673355a (webtiles) character file.

268 useraccount the Poker (level 5, -1/41 HPs)
             Began as a Demigod Skald on Feb 14, 2017.
             Slain by a worker ant (6 damage)
             ... on level 3 of the Dungeon.
             The game lasted 00:05:40 (4141 turns).

useraccount the Poker (Demigod Skald)               Turns: 4141, Time: 00:05:41

Health: -1/41      AC:  6    Str: 16    XL:     5   Next: 68%
Magic:  8/12       EV: 10    Int: 17    God:
Gold:   156        SH:  0    Dex: 15    Spells: 1/9 levels left

rFire    . . .     SeeInvis .   a - +0 spear
rCold    . . .     Gourm    .   e - +0 ring mail
rNeg     . . .     Faith    .   (no shield)
rPois    .         Spirit   .   (no helmet)
rElec    .         Reflect  .   (no cloak)
rCorr    .         Harm     .   r - +0 pair of gloves
MR       .....                  (no boots)
Stlth    +.........             (no amulet)
Regen    0.2/turn               (no ring)
MPRegen  0.2/turn               (no ring)

@: infused, heavily drained
A: high mp 1
a: no special abilities


You were on level 3 of the Dungeon.
You were hungry.

You visited 1 branch of the dungeon, and saw 4 of its levels.

You collected 156 gold pieces.

Inventory:

Hand Weapons
 a - a +0 spear (weapon)
Armour
 e - a +0 ring mail (worn)
 r - a +0 pair of gloves (worn)
Wands
 b - a wand of digging (15/24)
 l - a wand of iceblast (10/15)
 p - a wand of random effects (20/48)
 t - a wand of lightning (10/15)
Scrolls
 g - 4 scrolls of random uselessness {unknown}
 h - 5 scrolls of identify {unknown}
 k - 2 scrolls of magic mapping {unknown}
 n - a scroll of amnesia {unknown}
 s - 2 scrolls of immolation {unknown}
 u - a scroll of remove curse {unknown}
Potions
 i - 2 potions of agility {unknown}
 j - a potion of flight {unknown}
 m - a potion of haste {unknown}
 o - a potion of curing {unknown}
 q - a potion of degeneration {unknown}
Books
 c - a book of Battle

   Spells                             Type                      Level
   a - Infusion                       Charms                       1
   b - Shroud of Golubria             Charms/Translocation         2
   c - Song of Slaying                Charms                       2
   d - Spectral Weapon                Hexes/Charms                 3
   e - Regeneration                   Charms/Necromancy            3
Comestibles
 d - 3 bread rations
 f - 5 fruits
 v - 3 chunks of flesh
 x - a meat ration


   Skills:
 - Level 2.0(0.8) Fighting
 + Level 3.1(1.9) Polearms
 + Level 2.6(1.4) Armour
 - Level 2.0(0.8) Dodging
 + Level 2.9(1.7) Spellcasting
 + Level 0.5(0.0) Hexes
 - Level 3.0(1.8) Charms
 + Level 1.7(0.6) Translocations


You had one spell level left.
You knew the following spells:

 Your Spells              Type           Power        Failure   Level  Hunger
a - Infusion              Chrm           #...         21%         1    #......
b - Song of Slaying       Chrm           #.......     30%         2    ###....
c - Shroud of Golubria    Chrm/Tloc      #.........   34%         2    ###....
d - Spectral Weapon       Hex/Chrm       #.......     83%         3    ###....


Dungeon Overview and Level Annotations

Branches:
Dungeon (4/15)
 Temple: D:4-7


Innate Abilities, Weirdness & Mutations

You have an increased reservoir of magic. (+10% MP)


Message History

The worker ant is heavily wounded.
The worker ant bites you but does no damage.
You hit the worker ant but do no damage.
The worker ant is heavily wounded.
Your shroud bends the worker ant's attack away.
You closely miss the worker ant.
The worker ant is heavily wounded.
The worker ant barely misses you.
You hit the worker ant.
The worker ant is severely wounded.
Your shroud bends the worker ant's attack away.
The worker ant bites you but does no damage.
You barely miss the worker ant.
The worker ant is severely wounded.
The worker ant closely misses you.
You barely miss the worker ant.
The worker ant is severely wounded.
Your shroud unravels.
The worker ant bites you.
You die...

....................#####.#####.#
...........................# #.#
..........#.#..#[#.######..# #.#
...............#.#.######..####.#
......##..#.#..#.#.#............#
....#.##..#.#..............###...
.............#.......#.......'...
.................a..........##...
...#..##..##.#.#@#.#........##...
...#..##..##.....#.#..####.######
.................................
...........#.....#.#..####.######
...#.......#.....#...............
...............#.#.#..####.######
...#.......#.#.#.#.#..# #.# #
#..#.......#.#.#.#.#..####.# #
#..........#.#.#...........# #


You could see a worker ant.

Vanquished Creatures
  2 orc wizards (D:4)
  A hound (D:2)
  8 adders
  An ooze (D:1)
  2 adder skeletons (D:4)
  2 worms
  A dart slug (D:3)
  5 leopard geckos
  9 orcs
  A ball python (D:1)
  A giant cockroach (D:2)
  7 goblins
  6 hobgoblins
  8 jackals (D:2)
  6 kobolds
  A quokka (D:3)
  8 bats
  7 frilled lizards
  A jackal skeleton (D:4)
  7 rats
84 creatures vanquished.

Notes
Turn   | Place    | Note
-------+----------+-------------------------------------------
     0 | D:1      | useraccount the Demigod Skald began the quest for the Orb.
     0 | D:1      | Reached XP level 1. HP: 17/17 MP: 5/5
    38 | D:1      | Reached skill level 1 in Armour
   301 | D:1      | Reached XP level 2. HP: 24/24 MP: 7/7
   953 | D:1      | Learned a level 2 spell: Song of Slaying
   956 | D:1      | Learned a level 2 spell: Shroud of Golubria
  1308 | D:2      | Reached XP level 3. HP: 26/29 MP: 6/8
  1778 | D:2      | Reached XP level 4. HP: 24/36 MP: 7/10
  2444 | D:3      | Reached skill level 1 in Translocations
  2518 | D:3      | Learned a level 3 spell: Spectral Weapon
  3199 | D:3      | Reached XP level 5. HP: 29/41 MP: 11/11
  4034 | D:4      | Noticed a phantom
  4141 | D:3      | Slain by a worker ant

Vault maps used:
D:1:      lemuel_arrival_funnel
D:2:      minmay_vboxes
D:4:      first_bread

Skill      XL: |  1  2  3  4  5 |
---------------+----------------+-----
Armour         | 1 2 |  2.6
Polearms       | 2 3 |  3.1
Dodging        | 2 |  2.0
Spellcasting   | 2 |  2.9
Fighting       | 2 |  2.0
Charms         | 3 |  3.0
Translocations | 1 |  1.7
Hexes          | |  0.5

Action                   |  1- 3 |  4- 6 || total
-------------------------+-------+-------++-------
Melee: Spear             |   172 |   256 ||   428
 Cast: Song of Slaying   |     6 |    12 ||    18
       Infusion          |     1 |     3 ||     4
       Shroud of Golubri |     3 |     4 ||     7
  Eat: Chunk             |     3 |     9 ||    12
Armor: Ring mail         |    65 |    71 ||   136
Dodge: Dodged            |   125 |   122 ||   247
